 Dungeon Crawl Stone Soup version 0.19-a0-990-gf36c7f1 (webtiles) character file.

826 Implojin the Grappler (level 7, 51/66 HPs)
             Began as a Troll Fighter on July 14, 2016.
             Quit the game in the Ecumenical Temple.
             The game lasted 00:06:25 (957 turns).

Implojin the Grappler (Troll Fighter)                Turns: 957, Time: 00:06:26

Health: 51/66      AC:  6    Str: 25    XL:     7   Next: 64%
Magic:  6/6        EV:  8    Int:  4    God:
Gold:   14         SH:  9    Dex: 11    Spells: 0 memorised, 6 levels left

rFire  . . .     SeeInvis .       - Unarmed
rCold  . . .     Gourm    +     n - +1 robe
rNeg   . . .     Faith    .     b - +0 shield
rPois  .         Spirit   .     (helmet restricted)
rElec  .         Dismiss  .     (no cloak)
rCorr  .         Reflect  .     (gloves unavailable)
SustAt .         Harm     .     (boots unavailable)
MR     .....                    (no amulet)
Stlth  +.........               (no ring)
                                (no ring)

@: not resistant to hostile enchantments, very unstealthy
A: unfitting armour, claws 3, fast metabolism 3, gourmand, regeneration 2,
shaggy fur 1, tough skin 2
a: no special abilities


You were in the Ecumenical Temple.
You were very full.

You visited 2 branches of the dungeon, and saw 7 of its levels.

You collected 111 gold pieces.
You spent 97 gold pieces at shops.

Inventory:

Hand Weapons
 c - a +2 antimagic morningstar
Missiles
 j - 5 tomahawks (quivered)
Armour
 a - a +0 robe
 b - a +0 shield (worn)
 n - a +1 robe (worn)
Jewellery
 l - an uncursed ring of protection from magic {unknown}
Scrolls
 e - 3 scrolls of identify {unknown}
 i - 2 scrolls of fear {unknown}
 k - a scroll of enchant armour
Potions
 f - a potion of cancellation {unknown}
 g - a potion of heal wounds {unknown}
 h - 2 potions of berserk rage {unknown}
Books
 m - a book of the Earth

   Spells                             Type                      Level
   a - Leda's Liquefaction            Hexes/Earth                  4
   b - Bolt of Magma                  Conjuration/Fire/Earth       5
   c - Statue Form                    Transmutation/Earth          6
   d - Iron Shot                      Conjuration/Earth            6
   e - Shatter                        Earth                        9
Comestibles
 d - 5 bread rations


   Skills:
 - Level 2.4 Fighting
 - Level 2.4 Dodging
 - Level 2.4 Shields
 * Level 8.9 Unarmed Combat


You had 6 spell levels left.
You didn't know any spells.

Dungeon Overview and Level Annotations

Branches:
Dungeon (6/15)             Temple (1/1) D:6

Altars:
Cheibriados
Dithmenos
Gozag
Hepliaklqana
Makhleb
Nemelex Xobeh
Ru
Trog
Vehumet
Xom
Yredelemnul
Zin

Shops:
D:4 =?*:


Innate Abilities, Weirdness & Mutations

You are too large for most types of armour.
You have claws for hands.
Your metabolism is lightning-fast.
You like to eat raw meat.
You heal very quickly.
You are covered in fur. (AC +1)
You have very tough skin. (AC +2)


Message History

You closely miss the centaur.
The centaur is moderately wounded.
The centaur hits you!
* * * LOW HITPOINT WARNING * * *
Unknown command.
You scratch the centaur.
The centaur is heavily wounded.
The centaur barely misses you.
You scratch the centaur but do no damage.
The centaur is heavily wounded.
You block the centaur's attack.
You scratch the centaur.
The centaur is almost dead.
The centaur closely misses you. The centaur barely misses you.
You claw the centaur!
You kill the centaur!
There is an escape hatch in the ceiling, spattered with blood here.
Things that are here:
an uncursed shortbow; 11 arrows There isn't anything to butcher here.
Unknown command.
Found a pink potion.
An ogre comes into view. It is wielding a giant spiked club.
The ogre shouts!
There is a staircase to the Ecumenical Temple here.
You climb downwards.
Welcome to the Ecumenical Temple!
Found a shimmering altar of Xom and a shadowy altar of Dithmenos.
There is a staircase back to the Dungeon here.
Found a basalt altar of Yredelemnul.
Found a glowing silver altar of Zin.
Found a snail-covered altar of Cheibriados.
Found a radiant altar of Vehumet.
Found a sparkling altar of Nemelex Xobeh.
Found an opulent altar of Gozag.
Found a burning altar of Makhleb.
Found a hazy altar of Hepliaklqana.
Why would you want to do that?
Found a bloodstained altar of Trog.
Found a sacrificial altar of Ru.
Are you sure you want to abandon this character and quit the game? (Confirm with "yes".)

##.......≈≈≈.......
##.......≈≈≈.......
#..≈...≈≈≈≈≈≈≈...≈.
####.≈≈≈≈≈≈≈≈≈≈≈≈≈≈≈≈≈
##....≈≈≈≈≈≈≈≈≈≈≈≈≈≈≈≈≈
#♣......≈≈≈≈≈≈≈≈≈≈≈≈≈≈≈.
##.......≈≈≈≈≈≈≈≈≈≈≈≈≈≈≈.
#....._...≈≈≈≈≈≈≈≈≈≈≈≈≈..
#⌠......@.≈≈≈≈≈≈≈≈≈≈≈≈≈..
#....._...≈≈≈≈≈≈≈≈≈≈≈≈≈..
##.......≈≈≈≈≈≈≈≈≈≈≈≈≈≈≈.
#♣......≈≈≈≈≈≈≈≈≈≈≈≈≈≈≈.
##....≈≈≈≈≈≈≈≈≈≈≈≈≈≈≈≈≈
####.≈≈≈≈≈≈≈≈≈≈≈≈≈≈≈≈≈
#..≈...≈≈≈≈≈≈≈...≈.
##.......≈≈≈.......
##.......≈≈≈.......


There were no monsters in sight!

Vanquished Creatures
  Sigmund (D:6)
  A sky beast (D:5)
  2 centaurs
  A scorpion (D:4)
  A wight (D:6)
  A crimson imp (D:5)
  A jelly (D:5)
  2 orc priests (D:6)
  A hound (D:5)
  An iguana (D:4)
  2 worker ants
  Terence (D:3)
  4 adders (D:5)
  An ooze (D:5)
  An adder zombie (D:5)
  A worm (D:3)
  A giant gecko (D:5)
  6 orcs
  3 giant cockroaches
  A hobgoblin (D:2)
  6 jackals (D:4)
  A kobold (D:2)
40 creatures vanquished.

Notes
Turn   | Place    | Note
-------+----------+-------------------------------------------
     0 | D:1      | Implojin the Troll Fighter began the quest for the Orb.
     0 | D:1      | Reached XP level 1. HP: 22/22 MP: 0/0
   176 | D:3      | Noticed Terence
   192 | D:3      | Killed Terence
   192 | D:3      | Reached skill level 3 in Unarmed Combat
   192 | D:3      | Reached XP level 2. HP: 19/29 MP: 1/1
   192 | D:3      | Reached XP level 3. HP: 23/36 MP: 2/2
   241 | D:4      | Found Ahean's Jewellery Boutique.
   280 | D:5      | Entered Level 5 of the Dungeon
   280 | D:5      | Noticed a sky beast
   302 | D:5      | Killed a sky beast
   302 | D:5      | Reached skill level 5 in Unarmed Combat
   302 | D:5      | Reached XP level 4. HP: 14/44 MP: 3/3
   347 | D:5      | Reached XP level 5. HP: 15/50 MP: 4/4
   396 | D:5      | Noticed a centaur
   440 | D:5      | Reached skill level 6 in Unarmed Combat
   471 | D:5      | Killed a centaur
   471 | D:5      | Reached XP level 6. HP: 33/59 MP: 5/5
   528 | D:4      | Found Xaiclot's Assorted Antiques.
   565 | D:4      | Found Fumuw's Magic Scroll Boutique.
   599 | D:4      | Bought a scroll of enchant armour for 97 gold pieces
   662 | D:4      | Reached skill level 7 in Unarmed Combat
   670 | D:4      | Found Ceecloi's Book Emporium.
   739 | D:4      | You fall through a shaft!
   806 | D:6      | Noticed Sigmund
   815 | D:6      | Reached XP level 7. HP: 35/66 MP: 6/6
   824 | D:6      | Killed Sigmund
   824 | D:6      | Reached skill level 8 in Unarmed Combat
   886 | D:6      | Found a staircase to the Ecumenical Temple.
   908 | Temple   | Entered the Ecumenical Temple
   957 | Temple   | Quit the game

Vault maps used:
D:1:      mrwooster_arrival_statue_3
D:2:      minitemple, grunt_ashenzari_visionary
D:3:      uniq_terence
D:4:      lemuel_coloured_pillars_altar, serial_shops, shop, shop, shop,
          nicolae_shop_behind_doors, kennysheep_mini
D:5:      first_bread, kennysheep_windowed_goal
D:6:      serial_shops, kennysheep_mini_moat, uniq_sigmund
Temple:   nicolae_temple_hex_pool

Skill      XL: |  1  2  3  4  5  6  7 |
---------------+----------------------+-----
Unarmed Combat | 3 5 6 7 8 |  8.9
Fighting       | |  2.4
Dodging        | |  2.4
Shields        | |  2.4

Action                   |  1- 3 |  4- 6 |  7- 9 || total
-------------------------+-------+-------+-------++-------
Melee: Unarmed           |    24 |    93 |    21 ||   138
  Use: Potion            |     1 |     1 |       ||     2
  Eat: Chunk             |       |    11 |     2 ||    13
Armor: Robe              |     7 |    28 |     4 ||    39
Dodge: Dodged            |     6 |    46 |     9 ||    61
Block: Shield            |     8 |    50 |     4 ||    62

Table legend:
 A = Turns spent in this place as a percentage of turns spent in the entire game.
 B = Non-inter-level travel turns spent in this place as a percentage of non-inter-level travel turns spent in the entire game.
 C = Inter-level travel turns spent in this place as a percentage of turns spent in this place.
 D = Turns resting spent in this place as a percentage of non-inter-level travel turns spent in this place.
 E = Turns spent auto-exploring this place as a percentage of non-inter-level travel turns spent in this place.
 F = Non-inter-level travel turns spent in this place divided by the number of levels of this place that you've seen.
                   A       B       C       D       E      F
               +-------+-------+-------+-------+-------+----------------------
         Total | 100.0 | 100.0 |   0.0 |   0.0 |   0.0 | 135.1
       Dungeon |  94.7 |  94.7 |   0.0 |   0.0 |   0.0 | 149.3
        Temple |   5.3 |   5.3 |   0.0 |   0.0 |   0.0 |  50.0
               +-------+-------+-------+-------+-------+----------------------

Table legend:
 A = Kills in this place as a percentage of kills in entire the game.
 B = Kills by you in this place as a percentage of kills by you in the entire game.
 C = Kills by friends in this place as a percentage of kills by friends in the entire game.
 D = Other kills in this place as a percentage of other kills in the entire game.
 E = Experience gained in this place as a percentage of experience gained in the entire game.
 F = Experience gained in this place divided by the number of levels of this place that you have seen.
                   A       B       C       D       E      F
               +-------+-------+-------+-------+-------+----------------------
         Total | 100.0 | 100.0 |  -nan |  -nan | 100.0 | 168.7
       Dungeon | 100.0 | 100.0 |  -nan |  -nan | 100.0 | 196.8
               +-------+-------+-------+-------+-------+----------------------
